 Dungeon Crawl Stone Soup version 0.31-a0-875-g02e7d12df6 (webtiles) character file.

Game seed: 6541423339517710696

13 sose the Shield-Bearer (level 2, 19/19 HPs)
             Began as a Gargoyle Fighter on Oct 12, 2023.
             Quit the game on level 1 of the Dungeon.
             The game lasted 00:01:05 (274 turns).

sose the Shield-Bearer (Gargoyle Fighter)            Turns: 274, Time: 00:01:05

Health: 19/19      AC:  9    Str: 19    XL:     2   Next: 37%
Magic:  2/2        EV:  9    Int:  8    God:
Gold:   0          SH:  4    Dex:  9    Spells: 1/1 levels left

rFire   . . .        a - +0 flail
rCold   . . .        c - +0 buckler
rNeg    + . .        b - +0 scale mail
rPois   ∞            (no helmet)
rElec   +            (no cloak)
rCorr   .            (no gloves)
SInv    .            (no boots)
Will    .....        (no amulet) Stlth
                     (no ring)
HPRegen 0.23/turn    (no ring)
MPRegen 0.08/turn

%: no passive effects
@: no status effects
A: sickness immunity, AC +2, negative energy resistance 1, electricity
resistance, torment resistance 1, petrification resistance
a: no special abilities


You were on level 1 of the Dungeon.
You visited 1 branch of the dungeon, and saw 1 of its levels.

Inventory:

Hand Weapons
 a - a +0 flail (weapon)
Armour
 b - a +0 scale mail (worn)
 c - a +0 buckler (worn)
Scrolls
 f - a scroll of blinking {unknown}
 g - a scroll of immolation {unknown}
 h - a scroll of teleportation {unknown}
Potions
 d - a potion of might
 e - a potion of enlightenment {unknown}
 i - a potion of curing {unknown}


   Skills:
 + Level 3.5 Fighting
 + Level 2.2 Maces & Flails
 + Level 3.5 Armour
 + Level 3.5 Shields


You had one spell level left.
You didn't know any spells.
Your spell library was empty.

Dungeon Overview and Level Annotations

Branches:
Dungeon (1/15)

Altars:


Innate Abilities, Weirdness & Mutations

You are immune to sickness and miasma.
Your stone body is resilient. (AC +2)
You are immune to poison.
You resist negative energy. (rN+)
You are resistant to electric shocks. (rElec)
You are resistant to unholy torment.
You are immune to petrification.


Message History

You hit the hobgoblin.
The hobgoblin is heavily wounded.
You block the hobgoblin's attack.
The hobgoblin hits you but does no damage.
You hit the hobgoblin.
The hobgoblin is almost dead.
You block the hobgoblin's attack.
You barely miss the hobgoblin.
The hobgoblin is almost dead.
The hobgoblin hits you but does no damage.
You thump the hobgoblin!
You kill the hobgoblin!
No target in view!
You see here a hobgoblin corpse.
h - a scroll labelled WAAROV JOUDUYR You enter the shallow water.
Moving in this stuff is going to be slow.
A hobgoblin comes into view.
The hobgoblin shouts!
A bat comes into view.
There are monsters nearby!
The bat hits you but does no damage. x2
You hit the bat but do no damage. The bat hits you but does no damage.
You closely miss the hobgoblin. The bat hits you but does no damage.
The bat closely misses you. The hobgoblin barely misses you.
You barely miss the bat. You block the bat's attack. The hobgoblin hits you.
You thump the hobgoblin!
You kill the hobgoblin!
The bat closely misses you.
You barely miss the bat. The bat barely misses you. The bat closely misses you.
You sock the bat!
You kill the bat!
No target in view!
Found 3 stones.
You see here 3 stones.
You enter the shallow water.
Moving in this stuff is going to be slow.
You see here a hobgoblin corpse.
i - a bubbling grey potion Are you sure you want to abandon this character and quit the game? (Confirm with "yes".)

######'#######.# #.#
##.....## #.######.#
##.⌠...⌠.## #.#......#
##....8)...###.#.######
#...⌠...⌠...####.#
..............##.#
8.8.#####.8.8.##.#
.8..#.<.#..8..##.#
8.8.#+#'#.8.8.##@#
..............##.#
################.# ..#
###


There were no monsters in sight!

Vanquished Creatures
  2 ball pythons (D:1)
  4 hobgoblins (D:1)
  2 kobolds (D:1)
  2 bats (D:1)
  A rat (D:1)
11 creatures vanquished.

Notes
Turn   | Place    | Note
-------+----------+-------------------------------------------
     0 | D:1      | sose the Gargoyle Fighter began the quest for the Orb.
     0 | D:1      | Reached XP level 1. HP: 14/14 MP: 1/1
    71 | D:1      | Reached XP level 2. HP: 19/19 MP: 2/2
   274 | D:1      | Quit the game

Illustrated notes

Levels and vault maps discovered:
D:1:      ncdulo_halloftheorcs, layout_loops_ring,
          ebering_ecumenical_altar_hall, serial_bayou_ford_a,
          kennysheep_minor_cross

Action                     || total
---------------------------++-------
  Melee: Flail             ||    49
 Armour: Scale mail        ||    35
  Dodge: Dodged            ||    23
  Block: Buckler           ||    13

Table legend: (Time is in decaauts)
 A = Elapsed time spent in this place.
 B = Non-inter-level travel time spent in this place.
 C = Inter-level travel time spent in this place.
 D = Time resting spent in this place.
 E = Time spent auto-exploring this place.
 F = Levels seen in this place.
 G = Mean time per level.
                   A        B        C        D        E       F      G
               +--------+--------+--------+--------+--------+-----+--------+
         Total |    303 |    303 |      0 |      0 |    192 |   1 |  303.0 |
       Dungeon |    303 |    303 |      0 |      0 |    192 |   1 |  303.0 |
               +--------+--------+--------+--------+--------+-----+--------+

Top non-repeatable levels by time:
     D:1: 303 daAuts
